 Dungeon Crawl Stone Soup version 0.17-a0-1979-g1c74939 (webtiles) character file.

35 Shim the Grasshopper (level 3, 0/24 HPs)
             Began as a High Elf Warper on Oct 5, 2015.
             Slain by a gnoll (1 damage)
             ... on level 2 of the Dungeon.
             The game lasted 00:08:06 (1693 turns).

Shim the Grasshopper (High Elf Warper)              Turns: 1693, Time: 00:08:06

Health: 0/24       AC:  4    Str: 10    XL:     3   Next: 16%
Magic:  8/8        EV: 12    Int: 16    God:
Gold:   108        SH:  0    Dex: 16    Spells: 2 memorised, 4 levels left

rFire  . . .     SeeInvis .     a - +0 short sword
rCold  . . .     Clarity  .     b - +0 leather armour
rNeg   . . .     SustAt   .     (no shield)
rPois  .         Gourm    .     (no helmet)
rElec  .         Spirit   .     q - +0 cloak
rCorr  .         Warding  .     (no gloves)
rMut   .         Stasis   .     (no boots)
MR     .....                    (no amulet)
Stlth  +.........               (no ring)
                                (no ring)

@: not resistant to hostile enchantments, very unstealthy
A: no striking features
a: no special abilities


You were on level 2 of the Dungeon.
You were not hungry.

You visited 1 branch of the dungeon, and saw 2 of its levels.

You collected 108 gold pieces.

Inventory:

Hand Weapons
 a - a +0 short sword (weapon)
Missiles
 e - 5 tomahawks of dispersal
 g - 77 stones (quivered)
 h - 19 poisoned needles
Armour
 b - a +0 leather armour (worn)
 q - a +0 cloak (worn)
Scrolls
 d - a scroll of blinking
 i - a scroll of magic mapping {unknown}
 j - a scroll of remove curse {unknown}
 k - a scroll of recharging {unknown}
 n - a scroll of teleportation {unknown}
 o - 2 scrolls of identify {unknown}
 p - a scroll of fear {unknown}
Potions
 m - a potion of flight {unknown}
Books
 c - a book of Spatial Translocations

   Spells                             Type                      Level
   a - Apportation                    Translocation                1
   b - Blink                          Translocation                2
   c - Shroud of Golubria             Charms/Translocation         2
   d - Portal Projectile              Translocation                3
   e - Teleport Other                 Translocation                3
   f - Passage of Golubria            Translocation                4


   Skills:
 + Level 2.2 Fighting
 + Level 2.8 Short Blades
 + Level 1.2 Throwing
 + Level 1.1 Armour
 + Level 2.4 Dodging
 + Level 2.9 Spellcasting
 + Level 3.6 Translocations


You had 4 spell levels left.
You knew the following spells:

 Your Spells              Type           Power        Failure   Level  Hunger
a - Apportation           Tloc           ##........   8%          1    #......
b - Shroud of Golubria    Chrm/Tloc      #.........   21%         2    ##.....


Dungeon Overview and Level Annotations

Branches:
Dungeon (2/15)

Altars:


Message History

The gnoll hits you but does no damage.
You barely miss the gnoll. The gnoll hits you.
You barely miss the gnoll. The gnoll closely misses you. The gnoll hits you.
You hit the gnoll but do no damage. The gnoll closely misses you.
The gnoll misses you.
You barely miss the gnoll. The gnoll misses you. The gnoll barely misses you.
You hit the gnoll.
The gnoll is lightly wounded.
The gnoll hits you from afar with a spear.
The gnoll barely misses you.
You barely miss the gnoll.
The gnoll is lightly wounded.
The gnoll barely misses you. The gnoll hits you.
* * * LOW HITPOINT WARNING * * *
You hit the gnoll.
The gnoll is heavily wounded.
The gnoll closely misses you. The gnoll hits you.
* * * LOW HITPOINT WARNING * * *
The gnoll hits you.
You die...

#.##.#.#. #.........#
#.......### #.........#
..........# #.......$.#
#.......!# #...#...#
##........###......#
##............#.#.....
##...(....#####.#.###.
##.....)..#####.#.###.#
..gg......##รท##.@.....#
###########.#g###g#####
##### #.###..)g# .(g.#
##.#g##### ###.# ##.##
#.##### #.# ########.#
#.....####.# #........#
###.g.g....# #.#####..#
#...###########.## .


You could see 2 gnolls.

Vanquished Creatures
  An adder (D:2)
  A gnoll (D:2)
  An ooze (D:1)
  A giant gecko (D:1)
  A giant cockroach (D:1)
  A hobgoblin (D:2)
  2 bats (D:1)
  A giant newt (D:1)
  2 kobolds (D:1)
  4 rats (D:1)
15 creatures vanquished.

Notes
Turn   | Place    | Note
--------------------------------------------------------------
     0 | D:1      | Shim the High Elf Warper began the quest for the Orb.
     0 | D:1      | Reached XP level 1. HP: 14/14 MP: 4/4
     0 | D:1      | Noticed a naga
     0 | D:1      | Noticed a gargoyle
     1 | D:1      | Noticed a human
     1 | D:1      | Noticed a vampire
     3 | D:1      | Noticed a spriggan
     5 | D:1      | Noticed an octopode
     6 | D:1      | Noticed an elf
     8 | D:1      | Noticed a minotaur
    14 | D:1      | Noticed a formicid
    14 | D:1      | Noticed a felid
    14 | D:1      | Noticed an octopode
    16 | D:1      | Noticed a spriggan
    16 | D:1      | Noticed a felid
    18 | D:1      | Noticed a human
   190 | D:1      | Reached XP level 2. HP: 16/19 MP: 6/6
   194 | D:1      | Learned a level 2 spell: Shroud of Golubria
  1291 | D:2      | Reached skill level 1 in Armour
  1632 | D:2      | Reached XP level 3. HP: 10/24 MP: 5/8
  1692 | D:2      | HP: 1/24 [gnoll (2)]
  1693 | D:2      | Slain by a gnoll

Vault maps used:
D:1:      shiori_arrival_whats_in_store_for_you
D:2:      led_sif_pool

Action                   || total
-------------------------++-------
Melee: Short sword       ||    55
Throw: Stone             ||    24
 Cast: Shroud of Golubri ||     3
  Eat: Bread ration      ||     1
       Pizza             ||     1
